 Dungeon Crawl Stone Soup version 0.19-a0-975-gfff5315 (webtiles) character file.

494 4thArraOfDagon the Skirmisher (level 7, -4/58 HPs)
             Began as a Human Assassin on July 13, 2016.
             Was a Believer of Uskayaw.
             Slain by a troll (11 damage)
             ... on level 10 of the Dungeon.
             The game lasted 00:10:29 (2024 turns).

4thArraOfDagon the Skirmisher (Human Assassin)      Turns: 2024, Time: 00:10:30

Health: -4/58      AC:  6    Str: 11    XL:     7   Next: 38%
Magic:  7/7        EV: 12    Int: 12    God:    Uskayaw [**....]
Gold:   189        SH:  0    Dex: 16    Spells: 1 memorised, 1 level left

rFire  . . .     SeeInvis .     b - +0 blowgun
rCold  . . .     Gourm    .     k - +2 leather armour {rN+}
rNeg   + . .     Faith    .     (no shield)
rPois  +         Spirit   .     (no helmet)
rElec  .         Dismiss  .     z - +0 cloak
rCorr  +         Reflect  .     (no gloves)
SustAt .         Harm     .     (no boots)
MR     .....                    (no amulet)
Stlth  ++........               x - ring of wizardry
                                u - ring of resist corrosion

@: not resistant to hostile enchantments, unstealthy
A: poison resistance
a: Stomp, Line Pass, Renounce Religion


You were on level 10 of the Dungeon.
You worshipped Uskayaw.
Uskayaw was noncommittal.
You were hungry.

You visited 1 branch of the dungeon, and saw 10 of its levels.

You collected 189 gold pieces.

Inventory:

Hand Weapons
 a - a +3 dagger
 b - a +0 blowgun (weapon)
 r - a +1 whip of venom
 y - a +3 quarterstaff of chaos
Missiles
 e - 2 poisoned needles (quivered)
 f - a curare-tipped needle
 A - a needle of paralysis
Armour
 c - a +0 robe
 d - a +0 cloak
 k - a +2 leather armour of positive energy (worn)
 l - a +0 ring mail
 z - a +0 cloak (worn)
Jewellery
 u - a ring of resist corrosion (left hand)
 x - a ring of wizardry (right hand)
Wands
 o - a wand of confusion (11/48)
 s - a wand of lightning (10/15)
Scrolls
 i - a scroll of enchant weapon
 m - 3 scrolls of fog {unknown}
 n - 2 scrolls of magic mapping {unknown}
 p - 3 scrolls of remove curse {unknown}
 q - a scroll of enchant armour
 v - 4 scrolls of teleportation
 B - a scroll of random uselessness {unknown}
 D - a scroll of recharging {unknown}
Potions
 j - a potion of resistance
 t - 2 potions of haste
 C - a potion of might
Comestibles
 g - 3 bread rations
 h - 3 meat rations


   Skills:
 - Level 6.1 Fighting
 - Level 2.0 Short Blades
 * Level 3.4 Staves
 - Level 2.0 Throwing
 + Level 1.0 Armour
 + Level 1.4 Dodging
 - Level 4.0 Stealth
 + Level 1.2 Invocations


You had one spell level left.
You knew the following spells:

 Your Spells              Type           Power        Failure   Level  Hunger
a - Silence               Hex/Air        #.........   100%        5    ######.


Dungeon Overview and Level Annotations

Branches:
Dungeon (10/15)
 Temple: D:4-7         Lair: D:8-11         Orc: D:9-12

Altars:
Fedhas
Ru
Sif Muna
Uskayaw

Annotations:
D:4 4thArraOfDagon's ghost, weakling SpAK
D:5 Pikel


Innate Abilities, Weirdness & Mutations

Your system is resistant to poisons. (rPois)


Message History

Press: ? - help, Shift-Dir - straight line, f/p - troll
Aim: a troll (moderately wounded, poisoned, chance to defeat MR: 46%)
The troll resists with some effort.
This wand has 12 charges left.
The troll bites you.
* * * LOW HITPOINT WARNING * * *
The troll closely misses you. The troll barely misses you.
Unknown command.
Unknown command.
Unknown command.
Unknown command.
Unknown command.
Evoke which item? (* to show all) (? for menu, Esc to quit)
Zapping:
o - a wand of confusion (12/48)
Press: ? - help, Shift-Dir - straight line, f/p - troll
Aim: a troll (moderately wounded, poisoned, chance to defeat MR: 46%)
The troll resists with some effort.
This wand has 11 charges left.
The troll bites you!
* * * LOW HITPOINT WARNING * * *
The troll claws you!
You die...

................########..
#######'#######........#..
#.....<# #.########..
#......# #.# #......# #.#
##+#######+##.#
..........#
.......((.########
(..(.(...T@.......
.......#..........
......%#..........
.....#.#.#........
.....#.#.#........ .###
#.#.######### #.#.# #.#.#


You could see a troll.

Vanquished Creatures
  An ogre (D:8)
  A centaur (D:8)
  A giant frog (D:8)
  A scorpion (D:6)
  2 crimson imps
  A giant frog skeleton (D:7)
  Crazy Yiuf (D:7)
  A howler monkey skeleton (D:5)
  4 adders
  A shadow imp (D:5)
  An ooze (D:2)
  A worm (D:2)
  A dart slug (D:3)
  A giant gecko (D:2)
  3 orcs
  6 bats
  A giant cockroach (D:1)
  3 hobgoblins
  A quokka (D:2)
  3 giant newts
  3 goblins
  3 kobolds
  A rat (D:1)
42 creatures vanquished.

Notes
Turn   | Place    | Note
-------+----------+-------------------------------------------
     0 | D:1      | 4thArraOfDagon the Human Assassin began the quest for the Orb.
     0 | D:1      | Reached XP level 1. HP: 16/16 MP: 1/1
    87 | D:2      | Reached XP level 2. HP: 14/23 MP: 2/2
   155 | D:2      | Reached skill level 3 in Fighting
   294 | D:4      | Reached XP level 3. HP: 18/29 MP: 3/3
   424 | D:5      | Entered Level 5 of the Dungeon
   465 | D:6      | Noticed a phantom
   566 | D:5      | Found a blossoming altar of Fedhas.
   589 | D:5      | Noticed a slave
   589 | D:5      | Noticed a slave
   590 | D:5      | Noticed Pikel
   634 | D:5      | Gained mutation: Your system is resistant to poisons. (rPois) [potion of beneficial mutation]
   728 | D:3      | Reached XP level 4. HP: 25/37 MP: 4/4
   733 | D:3      | Reached skill level 4 in Fighting
   825 | D:2      | Found a hide-covered altar of Uskayaw.
   833 | D:2      | Became a worshipper of Uskayaw the Reveler
   863 | D:2      | Reached * piety under Uskayaw
  1124 | D:4      | Noticed 4thArraOfDagon's ghost (weakling SpAK)
  1190 | D:5      | Noticed a phantom
  1250 | D:6      | Found a deep blue altar of Sif Muna.
  1250 | D:6      | Found a sacrificial altar of Ru.
  1272 | D:6      | Noticed an ice beast
  1288 | D:6      | Reached ** piety under Uskayaw
  1290 | D:6      | Reached skill level 5 in Fighting
  1290 | D:6      | Reached XP level 5. HP: 44/44 MP: 5/5
  1398 | D:7      | Found a runed door.
  1402 | D:7      | Noticed Crazy Yiuf
  1418 | D:7      | Killed Crazy Yiuf
  1418 | D:7      | Reached XP level 6. HP: 26/52 MP: 6/6
  1559 | D:7      | Reached skill level 1 in Staves
  1646 | D:8      | Noticed an ogre
  1657 | D:8      | Killed an ogre
  1657 | D:8      | Reached skill level 6 in Fighting
  1657 | D:8      | Reached XP level 7. HP: 57/58 MP: 7/7
  1787 | D:8      | Learned a level 5 spell: Silence
  1816 | D:8      | Reached skill level 1 in Armour
  1816 | D:8      | Reached skill level 1 in Invocations
  1966 | D:10     | Entered Level 10 of the Dungeon
  2005 | D:10     | Noticed a troll
  2024 | D:10     | Slain by a troll

Vault maps used:
D:1:      denvon_arrival_hothouse
D:2:      lemuel_coloured_pillars_altar
D:4:      uniq_sigmund
D:5:      kennysheep_mini, first_bread, serial_co_window_serial,
          co_window_paths_a, co_window_paths_a, co_window_corner_a,
          co_window_paths_a, co_window_paths_b, co_window_corner_a,
          co_window_corner_a, co_window_2corner, co_window_cross_3,
          co_window_broadway_b, co_window_paths_d, roderic_serpentine_path,
          hangedman_abyss_or_decor_passed, fedhas_altar_3, uniq_blork_the_orc,
          uniq_pikel, uniq_eustachio
D:6:      trog_eyes_of_draining, gammafunk_temple_overflow_elements,
          serial_shops, shop, serial_park_tiny_1
D:7:      regret_index_temple_of_mockery, kennysheep_mini_moat,
          uniq_crazy_yiuf_cottage, uniq_menkaure
D:8:      yredelemnul_forgotten_temple_becter
D:9:      serial_shops, shop
D:10:     orc_0_dummy, serial_co_window_serial, co_window_paths_a,
          co_window_paths_a, co_window_cross_1, co_window_paths_a,
          co_window_paths_a, co_window_of_opportunity_b, co_window_broadway_b,
          co_window_corner_b, co_window_corner_cb, glass_columns_a,
          glass_columns_c, glass_columns_a, glass_columns_a

Skill      XL: |  1  2  3  4  5  6  7 |
---------------+----------------------+-----
Fighting       | 3 5 6 |  6.1
Staves         | 2 3 |  3.4
Armour         | 1 |  1.0
Invocations    | 1 |  1.2
Short Blades   | |  2.0
Throwing       | |  2.0
Dodging        | |  1.4
Stealth        | |  4.0

Action                   |  1- 3 |  4- 6 |  7- 9 || total
-------------------------+-------+-------+-------++-------
Melee: Dagger            |    53 |    68 |    12 ||   133
       Quarterstaff      |       |     7 |    10 ||    17
 Fire: Blowgun           |     5 |     7 |    10 ||    22
Throw: Throwing net      |       |     1 |     1 ||     2
Evoke: Wand              |       |     4 |     7 ||    11
  Use: Scroll            |     3 |     6 |       ||     9
       Potion            |     1 |       |       ||     1
 Stab: Sleeping          |     5 |     4 |     1 ||    10
       Confused          |       |     1 |     2 ||     3
       Held in net/web   |       |     1 |       ||     1
       Paralysed         |       |     2 |       ||     2
  Eat: Pizza             |       |     1 |       ||     1
       Beef jerky        |       |     1 |       ||     1
Armor: Robe              |    10 |       |       ||    10
       Ring mail         |     4 |    21 |       ||    25
       Leather armour    |       |     1 |     5 ||     6
Dodge: Dodged            |    32 |    28 |    14 ||    74
